 Dungeon Crawl Stone Soup version 0.24.0-123-gd5b16e6ec5 (webtiles) character file.

Game seed: 630990917322826669, levelgen mode: deterministic

4305 H0rd4k the Basher (level 10, -18/74 HPs)
             Began as a Human Artificer on Feb 11, 2020.
             Was an Initiate of Gozag.
             Demolished by a two-headed ogre
             ... wielding a +0 giant club
              (26 damage)
             ... on level 9 of the Dungeon.
             The game lasted 00:23:04 (9730 turns).

H0rd4k the Basher (Human Artificer)                 Turns: 9730, Time: 00:23:06

Health: -18/74     AC:  8    Str: 12    XL:     10   Next: 58%
Magic:  22/22      EV: 14    Int: 14    God:    Gozag
Gold:   1109       SH:  0    Dex: 13    Spells: 9/9 levels left

rFire    + + .     SeeInvis +   x - +8 morningstar of Kietwuno {holy, +Blink +Inv rPois rF+}
rCold    . . .     Gourm    .   (no shield)
rNeg     . . .     Faith    .   b - +0 leather armour
rPois    +         Spirit   .   n - +2 helmet
rElec    .         Reflect  .   r - +0 cloak
rCorr    .         Harm     .   (no gloves)
MR       .....     Clarity  +   (no boots)
Stlth    +++.......             (no amulet)
HPRegen  0.22/turn              k - ring of magical power
MPRegen  0.18/turn              u - ring of see invisible

@: no status effects
A: clarity, fire resistance 1, weak 1
a: Potion Petition, Call Merchant, Bribe Branch, Renounce Religion, Evoke Blink,
Evoke Invisibility


You were on level 9 of the Dungeon.
You worshipped Gozag.
Gozag was most pleased with you.
You were not hungry.

You visited 2 branches of the dungeon, and saw 10 of its levels.

You collected 1168 gold pieces.
You paid 59 gold pieces to Gozag.

Inventory:

Hand Weapons
 a - a +0 short sword
 s - a +0 falchion
 x - the +8 morningstar of Kietwuno (weapon) {holy, +Blink +Inv rPois rF+}
   (You found it on level 5 of the Dungeon)

   It has been blessed by the Shining One to cause great damage to the undead
   and demons.
   It protects you from fire.
   It protects you from poison.
   It lets you turn invisible.
   It lets you blink.
 G - a cursed +5 falchion
 K - a +2 falchion
Missiles
 c - 11 poisoned darts (quivered)
 m - 4 javelins
Armour
 b - a +0 leather armour (worn)
 n - a +2 helmet (worn)
 r - a +0 cloak (worn)
 F - the +6 large shield of Music {rF+ rC+ rCorr Dex-2}
   (You found it on level 8 of the Dungeon)

   It affects your dexterity (-2).
   It protects you from fire.
   It protects you from cold.
   It provides partial protection from all sources of acid and corrosion.
Jewellery
 k - a ring of magical power (left hand)
 u - a ring of see invisible (right hand)
 M - a +2 ring of dexterity
Wands
 e - a wand of random effects (3)
 E - a wand of acid (8)
Scrolls
 g - 16 scrolls of identify
 i - 2 scrolls of noise
 j - 2 scrolls of amnesia {unknown}
 l - 3 scrolls of remove curse
 o - a scroll of fog {unknown}
 p - 3 scrolls of enchant armour
 q - 2 scrolls of blinking {unknown}
 t - 3 scrolls of immolation {unknown}
 B - a scroll of random uselessness {unknown}
 C - a scroll of fear {unknown}
 D - a scroll of magic mapping {unknown}
 H - 3 scrolls of teleportation {unknown}
 J - a scroll of silence {unknown}
Potions
 h - 2 potions of mutation
 v - a potion of agility {unknown}
 w - a potion of curing {unknown}
 z - 2 potions of brilliance {unknown}
 A - a potion of invisibility {unknown}
 I - a potion of flight {unknown}
 L - a potion of heal wounds {unknown}
Comestibles
 f - 10 rations


   Skills:
 + Level 5.2 Fighting
 + Level 3.9 Short Blades
 + Level 9.0 Maces & Flails
 + Level 3.2 Throwing
 + Level 4.9 Armour
 + Level 5.1 Dodging
 + Level 5.0 Stealth
 + Level 4.1 Evocations


You had 9 spell levels left.
You didn't know any spells.
Your spell library contained the following spells:

 Spells                   Type           Power        Failure   Level  Hunger
 Corona                   Hex            #......      36%         1    ##.....
 Summon Butterflies       Summ           #.......     36%         1    ##.....
 Ensorcelled Hibernation  Hex/Ice        #.....       50%         2    ###....
 Call Canine Familiar     Summ           #.......     73%         3    ####...
 Confuse                  Hex            #.......     73%         3    ####...
 Dazzling Spray           Conj/Hex       #.....       73%         3    ####...
 Tukima's Dance           Hex            #.......     73%         3    ####...
 Summon Ice Beast         Ice/Summ       #.......     98%         4    #####..
 Summon Mana Viper        Hex/Summ       #.......     100%        5    ######.
 Malign Gateway           Summ/Tloc      #.........   100%        7    #######
 Monstrous Menagerie      Summ           #.........   100%        7    #######
 Summon Greater Demon     Summ           #.........   100%        7    #######
 Summon Hydra             Summ           #.........   100%        7    #######
 Summon Horrible Things   Summ           #.........   100%        8    #######


Dungeon Overview and Level Annotations

Branches:
Dungeon (9/15)             Temple (1/1) D:5
   Lair: D:8-11         Orc: D:9-12

Altars:
Ashenzari
Fedhas
Gozag
Hepliaklqana
Kikubaaqudgha
Makhleb
Nemelex Xobeh
Qazlal
Sif Muna
Vehumet
Wu Jian
Xom
Zin
The Shining One

Annotations:
D:2 exclusion: downstairs
D:4 exclusion: downstairs


Innate Abilities, Weirdness & Mutations

You possess an exceptional clarity of mind.
Your flesh is heat resistant. (rF+)
You are weak. (Str -2)


Message History

Okay, then.
Unknown command.
As you read the scroll labeled SOSEQ VANYL, it crumbles to dust.
It is a scroll of identify.
i - 2 scrolls of noise The two-headed ogre hits you with a +0 giant spiked club!!
The two-headed ogre hits you but does no damage.
As you read the scroll labeled MEEKICR TUUNG, it crumbles to dust.
It is a scroll of enchant armour.
Your +1 helmet glows green for a moment.
The two-headed ogre completely misses you.
The two-headed ogre misses you.
As you read the scroll labeled ISISIUWUNI, it crumbles to dust.
You feel blessed for a moment.
It was a scroll of remove curse.
The two-headed ogre misses you.
The two-headed ogre hits you with a +0 giant club!!
* * * LOW HITPOINT WARNING * * *
The two-headed ogre hits you with a +0 giant club!!
You die...
Your body crumbles into a pile of gold.

###+ #.. #.###+#
##########.#...# .#
#..........'.#.#
...####.##..###...#
..####O##..#.....#
####.#...O@#..#.###.#
......##########.....####
........................#
##..#....#..##%....#..#.#
..........[.............#
##....<############+####
#.##..# #..# ...#


You could see 2 two-headed ogres.

Vanquished Creatures
  Maurice (D:8)
  A vampire (D:8)
  2 hungry ghosts (D:7)
  A water moccasin (D:7)
  3 ice beasts
  A sky beast (D:7)
  6 ogres
  2 orc warriors (D:8)
  2 black bears (D:7)
  A phantom (D:8)
  A centaur (D:8)
  A big kobold (D:7)
  4 bullfrogs
  5 wights (D:7)
  A howler monkey (D:4)
  2 crimson imps
  A centaur zombie (D:5)
  7 hounds
  A jelly (D:8)
  2 orc priests
  A bullfrog skeleton (D:5)
  A gnoll shaman (D:5)
  2 iguanas
  14 orc wizards
  Ijyb (D:3)
  Terence (D:3)
  4 worker ants
  A killer bee zombie (D:8)
  A hound skeleton (D:7)
  Robin (D:3)
  A howler monkey skeleton (D:8)
  11 gnolls
  10 adders
  5 shadow imps
  2 oozes
  2 adder skeletons
  A dart slug (D:1)
  8 leopard geckos
  15 orcs
  9 bats
  4 giant cockroaches
  12 goblins
  10 hobgoblins
  10 jackals
  6 quokkas
  A ball python (D:3)
  5 frilled lizards
  A jackal skeleton (D:4)
  10 kobolds
  2 quokka skeletons
  A quokka zombie (D:7)
  8 rats
206 creatures vanquished.

Vanquished Creatures (collateral kills)
  A hound (D:4)
  An adder (D:4)
  6 goblins (D:3)
  A hobgoblin (D:3)
  2 jackals (D:4)
11 creatures vanquished.

Vanquished Creatures (others)
  A worker ant (D:4)
  A gnoll (D:4)
  A kobold (D:7)
3 creatures vanquished.

Grand Total: 220 creatures vanquished

Notes
Turn   | Place    | Note
-------+----------+-------------------------------------------
     0 | D:1      | H0rd4k the Human Artificer began the quest for the Orb.
     0 | D:1      | Reached XP level 1. HP: 15/15 MP: 3/3
    87 | D:1      | Reached XP level 2. HP: 15/21 MP: 4/4
   570 | D:1      | Reached XP level 3. HP: 23/26 MP: 5/5
  1568 | D:2      | Found a radiant altar of Vehumet.
  1860 | D:3      | Reached skill level 1 in Armour
  1860 | D:3      | Reached XP level 4. HP: 30/32 MP: 6/6
  1931 | D:3      | Noticed Terence
  1979 | D:3      | Killed Terence
  2155 | D:3      | Reached XP level 5. HP: 28/37 MP: 7/7
  2361 | D:3      | Noticed Robin
  2441 | D:3      | Noticed Ijyb
  2617 | D:3      | Gained mutation: Your flesh is heat resistant. (rF+)
                  | [potion of mutation]
  2617 | D:3      | Gained mutation: You are weak. (Str -2) [potion of
                  | mutation]
  2617 | D:3      | Gained mutation: You possess an exceptional clarity of
                  | mind. [potion of mutation]
  3141 | D:4      | Reached XP level 6. HP: 22/44 MP: 8/8
  4118 | D:3      | Killed Robin
  4390 | D:4      | Reached XP level 7. HP: 39/50 MP: 9/9
  4772 | D:4      | Reached skill level 1 in Throwing
  4948 | D:5      | Entered Level 5 of the Dungeon
  5107 | D:5      | Got an ancient morningstar
  5108 | D:5      | Identified the +8 morningstar of Kietwuno {holy, +Blink
                  | +Inv rPois rF+} (You found it on level 5 of the Dungeon)
  5263 | D:5      | Found a staircase to the Ecumenical Temple.
  5533 | D:3      | Killed Ijyb
  5872 | D:5      | Reached skill level 1 in Maces & Flails
  5897 | D:5      | Reached XP level 8. HP: 46/57 MP: 10/10
  6030 | D:5      | Reached skill level 2 in Maces & Flails
  6204 | Temple   | Entered the Ecumenical Temple
  6227 | Temple   | Became a worshipper of Gozag Ym Sagoz the Greedy
  6281 | D:6      | Found a shimmering altar of Xom.
  6418 | D:6      | Reached skill level 3 in Maces & Flails
  6678 | D:6      | Found an ancient bone altar of Kikubaaqudgha.
  6681 | D:6      | Found a glowing silver altar of Zin.
  6684 | D:6      | Found a glowing golden altar of the Shining One.
  6739 | D:7      | Reached skill level 4 in Maces & Flails
  6890 | D:7      | Reached skill level 5 in Maces & Flails
  6899 | D:7      | Reached XP level 9. HP: 42/64 MP: 11/11
  7169 | D:7      | Reached skill level 6 in Maces & Flails
  7428 | D:8      | Noticed Maurice
  7436 | D:8      | Killed Maurice
  7589 | D:8      | Got a spiked large shield
  7595 | D:8      | Identified the +6 large shield of Music {rF+ rC+ rCorr
                  | Dex-2} (You found it on level 8 of the Dungeon)
  7673 | D:7      | Reached skill level 7 in Maces & Flails
  7825 | D:7      | Found a shimmering blue altar of Sif Muna.
  8264 | D:7      | Reached XP level 10. HP: 25/73 MP: 13/13
  8715 | D:7      | Reached skill level 8 in Maces & Flails
  9014 | D:8      | Reached skill level 5 in Fighting
  9014 | D:8      | Reached skill level 5 in Dodging
  9496 | D:8      | Reached skill level 5 in Stealth
  9618 | D:8      | Reached skill level 9 in Maces & Flails
  9695 | D:9      | Noticed a two-headed ogre
  9723 | D:9      | Noticed a two-headed ogre
  9730 | D:9      | Demolished by a two-headed ogre

Levels and vault maps discovered:
D:1:      sevenhm_arrival_forest_fort_large_2, layout_basic, serial_bayou,
          serial_bayou_pond_c, serial_bayou_pond_d, serial_bayou_pond_d,
          serial_bayou_shore_b
D:2:      layout_rooms, lemuel_coloured_pillars_altar
D:3:      layout_basic, kennysheep_generic_room_9, uniq_terence, uniq_ijyb,
          uniq_robin
D:4:      layout_basic, first_ration
D:5:      layout_cave_pools, minmay_temple_entry_crystal_x,
          serial_bayou_crossing
D:6:      layout_cave_pools, grunt_temple_overflow_diamond,
          overflow_temple_1_default
D:7:      layout_gridville, tgw_sif, grunt_ogre_cave
D:8:      layout_gridville, uniq_maurice
D:9:      layout_stronghold, serial_shops, shop
Temple:   eino_temple_scatter_basement

Skill      XL: |  1  2  3  4  5  6  7  8  9 10 |
---------------+-------------------------------+-----
Short Blades   | 2 3 |  3.9
Armour         | 1 2 3 4 |  4.9
Stealth        | 2 3 4 5 |  5.0
Dodging        | 3 4 5 |  5.1
Fighting       | 2 3 4 5 |  5.2
Throwing       | 1 2 3 |  3.2
Maces & Flails | 1 5 7 9 |  9.0
Evocations     | 4 |  4.1

Action                   |  1- 3 |  4- 6 |  7- 9 | 10-12 || total
-------------------------+-------+-------+-------+-------++-------
Melee: Short sword       |   116 |   284 |    57 |       ||   457
       Morningstar       |       |       |   216 |    95 ||   311
Throw: Dart              |       |    20 |    27 |     8 ||    55
       Javelin           |       |     4 |     1 |       ||     5
Evoke: Wand              |     7 |    29 |     8 |     8 ||    52
  Use: Potion            |       |     6 |       |       ||     6
       Scroll            |       |       |       |     3 ||     3
 Stab: Sleeping          |     7 |     3 |     6 |     4 ||    20
       Confused          |       |     1 |       |       ||     1
       Distracted        |       |       |       |     1 ||     1
  Eat: Chunk             |     2 |     6 |     6 |       ||    14
       Ration            |       |     1 |     5 |     1 ||     7
Armor: Leather armour    |    56 |    73 |    92 |    24 ||   245
Dodge: Dodged            |   102 |   191 |   244 |    76 ||   613
